 Dungeon Crawl Stone Soup version 0.19-a0 (webtiles) character file.

133 Loki the Insei (level 5, 0/33 HPs)
             Began as an Octopode Transmuter on Apr 27, 2016.
             Slain by a centaur
             ... wielding a cursed +0 shortbow
              (6 damage)
             ... on level 3 of the Dungeon.
             The game lasted 00:07:55 (2381 turns).

Loki the Insei (Octopode Transmuter)                Turns: 2381, Time: 00:07:56

Health: 0/33       AC:  2    Str:  9    XL:     5   Next: 16%
Magic:  6/9        EV: 20    Int: 16    God:
Gold:   108        SH:  0    Dex: 18    Spells: 3 memorised, 3 levels left

rFire  . . .     SeeInvis .       - Unarmed
rCold  . . .     Gourm    .     (shield currently unavailable)
rNeg   . . .     Faith    .     (helmet currently unavailable)
rPois  x         Spirit   .     (no amulet)
rElec  .         Dismiss  .     (no ring)
rCorr  .         Reflect  .     (no ring)
SustAt .         Harm     .     (no ring)
MR     .....                    (no ring)
Stlth  ++........               (no ring)
                                (no ring)
                                (no ring)
                                (no ring)

@: spider-form (expiring), not resistant to hostile enchantments, unstealthy
A: almost no armour, (amphibious), 8 rings, (constrict 8), (camouflage 0),
(gelatinous body 0)
a: End Transformation


You were on level 3 of the Dungeon.
You were not hungry.
You were a venomous arachnid creature.
You visited 1 branch of the dungeon, and saw 3 of its levels.

You collected 108 gold pieces.

Inventory:

Hand Weapons
 p - a +0 blowgun
Missiles
 a - 33 arrows
 s - 2 curare-tipped needles
Scrolls
 d - a scroll of recharging {unknown}
 e - a scroll of teleportation {unknown}
 f - a scroll of remove curse {unknown}
 g - a scroll of enchant weapon {unknown}
 k - 2 scrolls of identify {unknown}
 m - a scroll of random uselessness {unknown}
 n - a scroll of enchant armour {unknown}
Potions
 j - a potion of resistance
 l - a potion of haste {unknown}
 q - 2 potions of lignification {unknown}
 r - a potion of curing
 t - 2 potions of agility {unknown}
 u - a potion of heal wounds {unknown}
Books
 b - a book of Changes

   Spells                             Type                      Level
   a - Beastly Appendage              Transmutation                1
   b - Sticks to Snakes               Transmutation                2
   c - Spider Form                    Transmutation/Poison         3
   d - Ice Form                       Ice/Transmutation            4
   e - Blade Hands                    Transmutation                5
Comestibles
 c - 2 bread rations
 h - a meat ration
 i - 2 slices of pizza
 o - a beef jerky


   Skills:
 - Level 1.0 Fighting
 + Level 2.7 Dodging
 * Level 4.1 Unarmed Combat
 + Level 2.6 Spellcasting
 * Level 3.2 Transmutations


You had 3 spell levels left.
You knew the following spells:

 Your Spells              Type           Power        Failure   Level  Hunger
a - Beastly Appendage     Trmt           ##....       21%         1    #......
I - Spider Form           Trmt/Pois      #.........   56%         3    ###....
N - Sticks to Snakes      Trmt           ##......     24%         2    ##.....


Dungeon Overview and Level Annotations

Branches:
Dungeon (3/15)

Altars:

Annotations:
D:1 exclusion: gnoll


Innate Abilities, Weirdness & Mutations

You cannot wear most types of armour.
((You are amphibious.))
You can wear up to eight rings at the same time.
((You can use your tentacles to constrict eight enemies at once.))
((Your skin changes colour to match your surroundings (Stealth).))
((Your rubbery body absorbs attacks (AC +1).))


Message History

You kill the goblin!
The centaur wields a shortbow.
The centaur shoots an arrow.
The arrow hits you!
The centaur shoots an arrow.
The arrow hits you!
Casting: Beastly Appendage
Confirm with . or Enter, or press ? or * to list all spells.
Your tentacle spike disappears.
You turn into a venomous arachnid creature.
Your transformation is almost over.
You start resting.
The centaur barely misses you.
You hit the centaur.
The centaur is poisoned.
The centaur is lightly wounded.
The centaur hits you with a shortbow.
* * * LOW HITPOINT WARNING * * *
You hit the centaur.
The centaur looks even sicker.
The centaur is moderately wounded.
The centaur hits you with a shortbow.
* * * LOW HITPOINT WARNING * * *
The centaur hits you with a shortbow.
You die...

################
........c)......
..###.s######..
#..#### #.....#
#...#....#
#####....#
########.#.##
#........#.#
#........#.#
#........#.#


You could see a centaur.

Vanquished Creatures
  Crazy Yiuf (D:2)
  2 adders (D:2)
  An ooze (D:1)
  A giant gecko (D:3)
  5 orcs (D:3)
  4 giant cockroaches
  8 goblins
  A hobgoblin (D:1)
  3 jackals (D:2)
  A quokka (D:3)
  9 bats
  2 giant newts
  13 kobolds
  2 rats (D:2)
53 creatures vanquished.

Vanquished Creatures (others)
  An orc wizard (D:3)
  A worm (D:3)
2 creatures vanquished.

Grand Total: 55 creatures vanquished

Notes
Turn   | Place    | Note
--------------------------------------------------------------
     0 | D:1      | Loki the Octopode Transmuter began the quest for the Orb.
     0 | D:1      | Reached XP level 1. HP: 13/13 MP: 3/3
    61 | D:1      | Reached XP level 2. HP: 7/18 MP: 5/5
   512 | D:1      | Learned a level 2 spell: Sticks to Snakes
   658 | D:1      | Reached XP level 3. HP: 20/23 MP: 6/6
  1231 | D:2      | Reached XP level 4. HP: 8/28 MP: 7/7
  1504 | D:2      | Found a faded altar to an unknown god.
  1607 | D:2      | Noticed Crazy Yiuf
  1614 | D:2      | Learned a level 3 spell: Spider Form
  1623 | D:2      | Killed Crazy Yiuf
  1623 | D:2      | Reached skill level 4 in Unarmed Combat
  1943 | D:3      | Reached XP level 5. HP: 25/33 MP: 8/8
  2373 | D:3      | Noticed a centaur
  2381 | D:3      | Slain by a centaur

Vault maps used:
D:1:      dpeg_arrival_erosion
D:2:      ecumenical_altar_2, hangedman_decor_points, lemuel_flame_loot_1,
          uniq_crazy_yiuf_cottage

Skill      XL: |  1  2  3  4 |
---------------+-------------+-----
Unarmed Combat | 4 |  4.1
Transmutations | 3 |  3.2
Fighting       | |  1.0
Dodging        | |  2.7
Spellcasting   | |  2.6

Action                   |  1- 3 |  4- 6 || total
-------------------------+-------+-------++-------
Melee: Unarmed           |    76 |    56 ||   132
       Constrict         |    19 |    14 ||    33
       Tentacles         |     9 |     5 ||    14
       Kick              |     1 |     7 ||     8
 Cast: Beastly Appendage |     3 |     7 ||    10
       Spider Form       |       |     2 ||     2
  Use: Potion            |       |     2 ||     2
 Stab: Sleeping          |     3 |       ||     3
  Eat: Chunk             |     1 |     4 ||     5
Armor: Skin              |     5 |     2 ||     7
Dodge: Dodged            |    34 |    37 ||    71
